 Dungeon Crawl Stone Soup version 0.31-a0-200-gbc41564c69 (webtiles) character file.

Game seed: 1431525815362127220

32 qw the Shooter (level 3, -5/20 HPs)
             Began as a Deep Elf Hunter on June 25, 2023.
             Killed from afar by Terence (12 damage)
             ... with a puff of flame
             ... on level 2 of the Dungeon.
             The game lasted 00:00:18 (892 turns).

qw the Shooter (Deep Elf Hunter)                     Turns: 892, Time: 00:00:19

Health: -5/20      AC:  6    Str: 10    XL:     3   Next: 8%
Magic:  5/5        EV:  9    Int: 13    God:
Gold:   29         SH:  0    Dex: 18    Spells: 2/2 levels left

rFire   . . .        Y - +0 shortbow
rCold   . . .        (shield currently unavailable)
rNeg    . . .        h - +0 scale mail
rPois   .            (helmet restricted)
rElec   .            (no cloak)
rCorr   .            (no gloves)
SInv    +            (no boots)
Will    .....        (no amulet)
Stlth   +            (no ring)
HPRegen 0.23/turn    (no ring)
MPRegen 0.09/turn

%: no passive effects
@: no status effects
A: horns 1, see invisible, MP-powered wands
a: no special abilities


You were on level 2 of the Dungeon.
You visited 1 branch of the dungeon, and saw 2 of its levels.

You collected 67 gold pieces.
You spent 38 gold pieces at shops.


Innate Abilities, Weirdness & Mutations

You have a pair of small horns on your head.
You have supernaturally acute eyesight. (SInv)
You expend magic power (3 MP) to strengthen your wands.


   Skills:
 - Level 1.5 Fighting
 + Level 6.7 Ranged Weapons
 - Level 2.4 Dodging
 - Level 1.2 Stealth


You had 2 spell levels left.
You didn't know any spells.
Your spell library was empty.

Inventory:

Hand Weapons
 Y - a +0 shortbow (weapon)
Armour
 h - a +0 scale mail (worn)
Scrolls
 a - a scroll of identify
Potions
 d - a potion of heal wounds {unknown}
 e - a potion of curing {unknown}
 f - a potion of magic {unknown}
 j - a potion of haste {unknown}
 k - a potion of mutation
 l - a potion of invisibility {unknown}

Dungeon Overview and Level Annotations

Branches:
Dungeon (2/15)

Altars:

Shops:
D:1 *

Annotations:
D:2 Terence


Message History

Enter note:
Enter note: You shoot an arrow.
The arrow hits Terence!
Terence is moderately wounded.
Terence zaps a wand.
The puff of flame hits you.
881 ||| FLEEEEING.
Terence shouts, "Now you die!"
882 ||| FLEEEEING.
You shoot an arrow. The arrow barely misses Terence.
Terence zaps a wand.
The puff of flame hits you.
884 ||| FLEEEEING.
Enter note:
Enter note:
Enter note:
Enter note:
885 ||| STILL FLEEEEING.
886 ||| FLEEEEING.
Enter note:
Enter note:
Enter note:
Enter note: You shoot an arrow.
The arrow hits Terence but does no damage.
Terence is moderately wounded.
You shoot an arrow.
The arrow hits Terence but does no damage.
Terence is moderately wounded.
Terence zaps a wand.
The puff of flame hits you!
You shoot an arrow. The arrow hits Terence.
Terence is heavily wounded.
You shoot an arrow. The arrow hits Terence.
Terence is heavily wounded.
You shoot an arrow. The arrow closely misses Terence.
Terence zaps a wand.
The puff of flame hits you. Terence hits you with a +0 short sword.
You shoot an arrow. The arrow hits Terence!
Terence is almost dead.
Terence zaps a wand.
The puff of flame hits you!
Ouch! That really hurt!
You die...

######
#############....####...
#.......................
..####.....#######....#......
.[..@.......##.....##.+....#
#......#...##.....##.#....#+
#......#...##.....##.#......
#......#..@@+...............
####.###....#.....##.##.....
#. #....#.....##..'..... ..
..>...#.....#####...##
........#.#...##........##
#..........+...+...........
..##..#.#...##.....##### ..
...#.#...#..)#### #
........##### #


You could see Terence.

Vanquished Creatures
  2 dart slugs (D:1)
  2 ball pythons
  2 endoplasms
  A giant cockroach (D:1)
  2 hobgoblins (D:1)
  3 quokkas (D:1)
  A bat (D:1)
  2 frilled lizards
  6 goblins
  4 kobolds (D:1)
25 creatures vanquished.

Notes
Turn   | Place    | Note
-------+----------+-------------------------------------------
     0 | D:1      | qw the Deep Elf Hunter began the quest for the Orb.
     0 | D:1      | Reached XP level 1. HP: 12/12 MP: 3/3
     0 | D:1      | 0 ||| qw: Version: 0.3-a-22-g0ed2b0b
     0 | D:1      | 0 ||| qw: Game counter: 5630
     0 | D:1      | 0 ||| qw: Melee chars always use a shield: true
     0 | D:1      | 0 ||| qw: God list: Okawaru
     0 | D:1      | 0 ||| qw: Allow faded altars: false
     0 | D:1      | 0 ||| qw: Do Orc after clearing Dungeon:15 true
     0 | D:1      | 0 ||| qw: Do second Lair branch before Depths: true
     0 | D:1      | 0 ||| qw: Lair rune preference: random
     0 | D:1      | 0 ||| qw: Goals: Normal
     0 | D:1      | 0 ||| PLANNING D:1-11
   102 | D:1      | Reached XP level 2. HP: 16/16 MP: 4/4
   108 | D:1      | Reached skill level 6 in Ranged Weapons
   600 | D:1      | Found Masmob's Assorted Antiques.
   607 | D:1      | 607 ||| BUYING fuming emerald potion (19 gold).
   607 | D:1      | Bought a fuming emerald potion for 19 gold pieces
   607 | D:1      | 607 ||| BUYING fuming emerald potion (19 gold).
   607 | D:1      | Bought a fuming emerald potion for 19 gold pieces
   733 | D:1      | 733 ||| UPGRADING to +0 scale mail.
   743 | D:1      | 743 ||| DROPPING +0 leather armour.
   744 | D:1      | 744 ||| READING 2 scrolls labelled PIBOSK JUCLINO.
   745 | D:1      | 745 ||| READING scroll labelled YLUCVE XISUHIOFF.
   746 | D:1      | 746 ||| DRINKING 2 fuming emerald potions.
   746 | D:1      | Gained mutation: You have a pair of small horns on your
                  | head. [potion of mutation]
   746 | D:1      | Gained mutation: You expend magic power (3 MP) to
                  | strengthen your wands. [potion of mutation]
   746 | D:1      | Gained mutation: You have supernaturally acute eyesight.
                  | (SInv) [potion of mutation]
   747 | D:1      | 747 ||| DROPPING scroll of butterflies.
   787 | D:2      | Reached XP level 3. HP: 20/20 MP: 5/5
   879 | D:2      | Noticed Terence
   881 | D:2      | 881 ||| FLEEEEING.
   882 | D:2      | 882 ||| FLEEEEING.
   884 | D:2      | 884 ||| FLEEEEING.
   886 | D:2      | 886 ||| FLEEEEING.
   892 | D:2      | Killed from afar by Terence

Levels and vault maps discovered:
D:1:      onia_arrival_pentagram, layout_basic, serial_shops, shop
D:2:      layout_basic, basic_altar, minmay_unequal, uniq_terence

Skill      XL: |  1  2 |
---------------+-------+-----
Ranged Weapons | 6 |  6.7
Fighting       | |  1.5
Dodging        | |  2.4
Stealth        | |  1.2

Action                     || total
---------------------------++-------
   Fire: Shortbow          ||    64
    Use: Scroll            ||     2
         Potion            ||     1
 Armour: Leather armour    ||     2
         Scale mail        ||     1
  Dodge: Dodged            ||     7

Table legend:
 A = Non-vault XP
 B = Vault XP
 C = Vault XP percentage of total XP
 D = Non-vault monster count
 E = Vault monster count
 F = Vault count percentage of total count
                 A         B        C        D         E       F
            +---------+---------+-------+---------+---------+-------
      Total |      46 |       0 |   0.0 |      25 |       0 |   0.0
            +---------+---------+-------+---------+---------+-------
        D:1 |      35 |       0 |   0.0 |      19 |       0 |   0.0
        D:2 |      11 |       0 |   0.0 |       6 |       0 |   0.0
            +---------+---------+-------+---------+---------+-------
